 Dungeon Crawl Stone Soup version 0.28-a0-511-gcc94558de3 (webtiles) character file.

Game seed: 14646562498388597662

15752 jasper the Carver (level 11, -8/86 HPs)
             Began as a Demigod Warper on Sept 22, 2021.
             Mangled by Snorg (13 damage)
             ... on level 11 of the Dungeon.
             The game lasted 00:29:03 (14619 turns).

jasper the Carver (Demigod Warper)                 Turns: 14619, Time: 00:29:03

Health: -8/86      AC: 16    Str: 16    XL:     11   Next: 73%
Magic:  16/20      EV: 16    Int: 25    God:
Gold:   1070       SH:  0    Dex: 21    Spells: 3/18 levels left

rFire   . . .      SeeInvis .   C - +9 sword of Zonguldrok {reap}
rCold   . . .      Faith    .   (no shield)
rNeg    . . .      Spirit   .   q - +0 scale mail
rPois   .          Reflect  .   n - +0 helmet
rElec   .          Harm     .   L - +0 cloak
rCorr   .          Rampage  .   l - +2 pair of gloves
Will    +....                   k - +2 pair of boots {Fly}
Stlth   +.........              h - amulet of regeneration
HPRegen 1.24/turn               w - +4 ring of evasion
MPRegen 0.17/turn               z - +6 ring of dexterity

@: flying, studying Staves, unable to read
A: high mp 1, forlorn, thin skeletal structure 1, clever 1, inability to read
while threatened
a: no special abilities


You were on level 11 of the Dungeon.
You visited 1 branch of the dungeon, and saw 11 of its levels.
You also visited: Bailey.

You collected 1232 gold pieces.
You spent 162 gold pieces at shops.

Inventory:

Hand Weapons
 a - a +1 falchion
 C - the +9 sword of Zonguldrok (weapon) {reap}
   (You found it on level 5 of the Dungeon)

   Any living foe damaged by it may be reanimated upon death as a zombie
   friendly to the wielder, with an increasing chance as more damage is dealt.
 F - a +0 scimitar
 O - a +4 vorpal long sword
Missiles
 d - 4 boomerangs of dispersal
 o - 406 stones
 v - 43 boomerangs (quivered)
 K - 3 throwing nets
Armour
 b - a +0 leather armour
 f - a +1 leather armour of cold resistance
 i - a +0 kite shield
 j - a +0 ring mail
 k - a +2 pair of boots of flying (worn)
 l - a +2 pair of gloves (worn)
 n - a +0 helmet (worn)
 q - a +0 scale mail (worn)
 L - a +0 cloak (worn)
Jewellery
 g - an amulet of the acrobat
 h - an amulet of regeneration (around neck)
 w - a +4 ring of evasion (left hand)
 z - a +6 ring of dexterity (right hand)
 B - an amulet of regeneration
 J - a ring of positive energy
 N - a +6 ring of dexterity
Wands
 t - a wand of mindburst (1)
 u - a wand of polymorph (8)
 y - a wand of flame (13)
 D - a wand of paralysis (7)
Scrolls
 c - 3 scrolls of blinking
 m - 3 scrolls of identify
 p - 2 scrolls of teleportation
 s - 2 scrolls of silence
 x - 2 scrolls of enchant armour
 G - 2 scrolls of enchant weapon
 H - a scroll of magic mapping
 I - a scroll of torment {unknown}
 Q - a scroll of amnesia
Potions
 e - 2 potions of brilliance
 r - 2 potions of cancellation
 A - a potion of resistance
 E - 3 potions of attraction
 M - a potion of curing
 P - a potion of berserk rage {unknown}


   Skills:
 - Level 5.0 Fighting
 * Level 11.3 Long Blades
 - Level 0.8 Throwing
 - Level 5.0 Armour
 - Level 5.0 Dodging
 - Level 4.0 Spellcasting
 - Level 5.0 Conjurations
 - Level 2.4 Necromancy
 - Level 3.7 Translocations
 - Level 3.3 Transmutations
 - Level 5.0 Air Magic
 - Level 3.3 Earth Magic
 - Level 5.0 Poison Magic


You had 3 spell levels left.
You knew the following spells:

 Your Spells              Type           Power      Damage    Failure   Level
a - Blink                 Tloc           N/A        N/A       10%         2
b - Excruciating Wounds   Necr           8%         N/A       97%         5
c - Mephitic Cloud        Conj/Pois/Air  30%        N/A       12%         3
d - Animate Skeleton      Necr           34%        N/A       11%         1
e - Passwall              Tmut/Erth      17%        N/A       12%         2
f - Wereblood             Tmut           21%        N/A       12%         2

Your spell library contained the following spells:

 Spells                   Type           Power      Damage    Failure   Level
 Magic Dart               Conj           100%       1d8       3%          1
 Searing Ray              Conj           60%        2d6       6%          2
 Beastly Appendage        Tmut           42%        N/A       8%          1
 Sandblast                Erth           42%        2d11      8%          1
 Corpse Rot               Necr/Air       N/A        N/A       10%         2
 Foxfire                  Conj/Fire      68%        2x1d7     11%         1
 Pain                     Necr           68%        1d7       11%         1
 Spider Form              Tmut/Pois      12%        N/A       16%         3
 Stone Arrow              Conj/Erth      50%        3d10      16%         3
 Sublimation of Blood     Necr           8%         N/A       17%         2
 Gell's Gravitas          Tloc           11%        N/A       19%         3
 Lesser Beckoning         Tloc           23%        N/A       19%         3
 Teleport Other           Tloc           23%        N/A       19%         3
 Ignite Poison            Fire/Tmut/Pois 18%        N/A       28%         3
 Conjure Flame            Conj/Fire      17%        6-21      32%         3
 Vampiric Draining        Necr           8%         2d7       32%         3
 Portal Projectile        Hex/Tloc       28%        N/A       38%         3
 Call Imp                 Summ           5%         N/A       41%         2
 Inner Flame              Hex/Fire       5%         N/A       65%         3
 Olgreb's Toxic Radiance  Pois           30%        N/A       36%         4
 Iskenderun's Mystic Bla  Conj/Tloc      27%        2d7       45%         4
 Petrify                  Tmut/Erth      21%        N/A       61%         4
 Flame Wave               Conj/Fire      17%        3d5       71%         4
 Fulminant Prism          Conj/Hex       8%         3d7       71%         4
 Sticky Flame             Conj/Fire      17%        2d4       71%         4
 Dispel Undead            Necr           17%        3d10      73%         4
 Irradiate                Conj/Tmut      12%        3d17      83%         5
 Manifold Assault         Tloc           23%        N/A       87%         5
 Blade Hands              Tmut           10%        N/A       91%         5
 Freezing Cloud           Conj/Ice/Air   10%        6-21      91%         5
 Lee's Rapid Deconstruct  Erth           10%        3d9*      91%         5
 Summon Forest            Summ/Tloc      7%         N/A       98%         5
 Summon Mana Viper        Hex/Summ       5%         N/A       100%        5
 Death Channel            Necr           8%         N/A       100%        6
 Dragon Form              Tmut           10%        N/A       100%        7
 Ozocubu's Refrigeration  Ice            2%         4d5       100%        7
 Ignition                 Fire           2%         3d3       100%        8


Dungeon Overview and Level Annotations

Branches:
Dungeon (11/15)            Temple (0/1) D:6            Lair (0/6) D:11
    Orc (0/2) D:10         Bailey (visited)

Shops:
D:10 (

Annotations:
D:5 2 runed translucent doors
D:9 3 runed translucent doors, gowby's ghost, novice BaIE
D:11 Snorg


Innate Abilities, Weirdness & Mutations

Your attributes grow dramatically as you level up.
You have an increased reservoir of magic. (+10% MP)
You shall have no god before yourself.
You have a somewhat thin skeletal structure. (Dex +2, Stealth+)
Your mind is acute. (Int +2)
You sometimes lose the ability to read scrolls when taking damage.


Message History

a +0 short sword; a kobold corpse
Casting: Mephitic Cloud (dangerous; 12% risk of failure)
Confirm with . or Enter, or press ? or * to list all spells.
You attempt to give life to the dead...
Before your eyes, flesh is ripped from the corpse!
The dead are walking!
Snorg rages.
You now have 15/20 mp.
Found a stone staircase leading down.
There is a stone staircase leading down here.
You regained 2 hp, and now have 75/86 hp.
Snorg closely misses you. Snorg completely misses you. Snorg claws you!
You take 8 damage, and have 67/86 hp.
You slash Snorg!
Snorg is moderately wounded.
Snorg closely misses you. Snorg claws you!
You feel threatened and lose the ability to read scrolls!
Snorg barely misses you.
You take 10 damage, and have 57/86 hp.
You catch the helpless Snorg completely off-guard!
You hit Snorg.
Snorg is heavily wounded.
Snorg seems less confused.
Snorg bites you but does no damage. Snorg barely misses you. Snorg claws you!
Snorg misses you. Snorg barely misses you. Snorg claws you.
Your kobold skeleton hits Snorg with a +0 short sword.
You take 13 damage, and have 44/86 hp.
You slice Snorg!!
Snorg is heavily wounded.
Snorg bites you but does no damage. Snorg closely misses you. Snorg misses you.
You slash Snorg!
Snorg is severely wounded.
Snorg barely misses you. Snorg claws you!! Snorg claws you but does no damage.
Your kobold skeleton hits Snorg with a +0 short sword.
Snorg bites you!!
* * * LOW HITPOINT WARNING * * *
Snorg claws you.
* * * LOW HITPOINT WARNING * * *
Snorg claws you!
You die...

#.#..................
#.#.......P........##
######.#......P.....P...P.
.......#.....P..P...PP....
.......#.......P.P....P...
......)#####..P......PPPP.
#....))..............PP..
#......ZT.......PP.....P.
#......>@..P.........PP..
#...........P....>P..PP.(
#.........P........P.....
#.................P.P....
#.......##.........P..PP.
#.......+.............P.)
#....#### ........PP.P.P.
#...> ..P.....PPP....
PP[PP.P...


You could see Snorg (berserk, ally target) and a friendly kobold skeleton.

Vanquished Creatures
  Fannar (D:9)
  Harold (D:8)
  7 two-headed ogres
  A cyclops (D:7)
  An ugly thing (D:9)
  A black mamba (D:7)
  A kobold demonologist (D:7)
  A troll (D:9)
  A slime creature (D:7)
  A hornet (D:9)
  3 wyverns
  2 wraiths (D:7)
  A fire bat (D:5)
  5 yaks
  5 water moccasins
  A floating eye (Bailey)
  2 sky beasts (D:6)
  An ice beast (D:8)
  3 orc warriors
  3 black bears
  An ogre (D:4)
  4 necrophages
  8 centaurs
  Blork the orc (D:5)
  4 phantoms
  A kobold brigand (D:11)
  A gnoll sergeant (D:2)
  6 bullfrogs
  7 elf skeletons (D:4)
  3 scorpions
  2 wyvern skeletons (D:7)
  A water moccasin zombie (D:5)
  4 killer bees (D:8)
  A howler monkey (D:3)
  4 centaur zombies
  2 jellies
  3 gnoll shamans
  6 orc priests
  5 hounds
  2 human skeletons (D:4)
  3 bullfrog skeletons (D:5)
  Natasha (thrice) (D:2 D:3)
  8 orc wizards
  A scorpion zombie (D:5)
  6 iguanas
  A killer bee zombie (D:6)
  A hound zombie (D:5)
  A howler monkey zombie (D:9)
  25 gnolls
  5 adders
  A shadow imp (D:8)
  A white imp (D:5)
  2 adder skeletons (D:4)
  2 worms
  6 dart slugs
  29 orcs
  6 endoplasms
  2 giant cockroaches
  7 hobgoblins
  14 jackals
  3 quokkas
  7 ball pythons
  5 bats
  2 frilled lizards
  14 goblins
  21 kobolds
  An orc skeleton (D:4)
  An orc zombie (D:4)
  10 rats
296 creatures vanquished.

Vanquished Creatures (collateral kills)
  A yak (D:11)
  2 bullfrogs (D:11)
  An orc (D:8)
4 creatures vanquished.

Vanquished Creatures (others)
  An orc wizard (D:6)
  An orc (D:10)
  32 fungi (D:11)
  27 plants
61 creatures vanquished.

Grand Total: 361 creatures vanquished

Notes
Turn   | Place    | Note
-------+----------+-------------------------------------------
     0 | D:1      | jasper the Demigod Warper began the quest for the Orb.
     0 | D:1      | Reached XP level 1. HP: 17/17 MP: 5/5
    79 | D:1      | Reached skill level 2 in Long Blades
   411 | D:1      | Reached XP level 2. HP: 24/24 MP: 7/7
   540 | D:1      | Reached skill level 3 in Long Blades
   973 | D:1      | Reached XP level 3. HP: 25/29 MP: 8/8
  1976 | D:2      | Reached skill level 4 in Long Blades
  2272 | D:2      | Noticed Natasha
  2286 | D:2      | Killed Natasha
  2287 | D:2      | Reached XP level 4. HP: 20/36 MP: 9/9
  2562 | D:3      | Reached skill level 5 in Long Blades
  2562 | D:3      | Reached XP level 5. HP: 30/41 MP: 10/10
  2717 | D:4      | Noticed a black bear
  2729 | D:4      | Killed a black bear
  2865 | D:4      | Reached skill level 6 in Long Blades
  2997 | D:4      | Got the Volume of Blistering Summoning
  3001 | D:4      | Learned a level 2 spell: Blink
  3007 | D:4      | Learned a level 5 spell: Excruciating Wounds
  3048 | D:4      | Reached XP level 6. HP: 40/48 MP: 11/11
  3575 | D:2      | Noticed Natasha
  3598 | D:3      | Killed Natasha
  4158 | D:3      | Reached skill level 7 in Long Blades
  4935 | D:3      | Noticed Natasha
  4948 | D:3      | Killed Natasha
  4949 | D:3      | Reached XP level 7. HP: 38/53 MP: 12/12
  5075 | D:5      | Entered Level 5 of the Dungeon
  5211 | D:5      | Reached skill level 8 in Long Blades
  5245 | D:5      | Found a large runed translucent door.
  5246 | D:5      | Found a large runed translucent door.
  5273 | D:5      | Reached skill level 1 in Armour
  5560 | D:5      | Noticed Blork the orc
  5588 | D:5      | Killed Blork the orc
  6385 | D:5      | Noticed a yak
  6404 | D:5      | Killed a yak
  6405 | D:5      | Reached XP level 8. HP: 45/63 MP: 13/13
  6506 | D:5      | Noticed a two-headed ogre
  6507 | D:5      | Found the +9 sword of Zonguldrok {reap}
  6512 | D:5      | Found a large runed translucent door.
  6512 | D:5      | Found a large runed translucent door.
  7350 | D:6      | Gained mutation: You sometimes lose the ability to read
                  | scrolls when taking damage. [potion of mutation]
  7350 | D:6      | Gained mutation: Your spells are a little harder to cast,
                  | but a little more powerful. [potion of mutation]
  7417 | D:6      | Lost mutation: Your spells are a little harder to cast, but
                  | a little more powerful. [potion of mutation]
  7417 | D:6      | Gained mutation: Your mind is acute. (Int +2) [potion of
                  | mutation]
  7417 | D:6      | Gained mutation: You have a somewhat thin skeletal
                  | structure. (Dex +2, Stealth+) [potion of mutation]
  7422 | D:6      | Learned a level 3 spell: Mephitic Cloud
  8214 | D:6      | Reached skill level 5 in Fighting
  8214 | D:6      | Reached XP level 9. HP: 38/74 MP: 14/14
  8487 | D:6      | Reached skill level 5 in Dodging
  8600 | D:6      | Reached skill level 5 in Armour
  8780 | D:6      | Found a staircase to the Ecumenical Temple.
  8959 | D:7      | Learned a level 1 spell: Animate Skeleton
  9077 | D:7      | Reached skill level 1 in Conjurations
  9077 | D:7      | Reached skill level 1 in Air Magic
  9077 | D:7      | Reached skill level 1 in Poison Magic
  9169 | D:7      | You are sucked into a shaft and drop 3 floors!
  9169 | D:10     | Entered Level 10 of the Dungeon
  9169 | D:10     | Found a flagged portal.
  9183 | Bailey   | Entered a bailey
  9438 | Bailey   | Identified the +4 falchion of Perversion {speed, Fragile
                  | Fly Str+3}
  9451 | Bailey   | Noticed an orc knight
  9470 | Bailey   | an orc knight changed into a floating eye
  9473 | Bailey   | Paralysed by a floating eye for 3 turns
  9749 | D:10     | Paralysed by a hornet for 1 turns
  9775 | D:9      | Noticed a white ugly thing
  9782 | D:8      | Noticed a two-headed ogre
 10004 | D:7      | Noticed a kobold demonologist
 10054 | D:7      | Noticed a two-headed ogre
 10062 | D:7      | Noticed a black mamba
 10062 | D:7      | a troll changed into a black mamba
 10064 | D:7      | Noticed a rust devil
 11471 | D:4      | Reached XP level 10. HP: 81/81 MP: 19/19
 11833 | D:5      | Killed a two-headed ogre
 12004 | D:7      | Killed a black mamba
 12088 | D:7      | Killed a two-headed ogre
 12089 | D:7      | Reached skill level 5 in Conjurations
 12089 | D:7      | Reached skill level 5 in Air Magic
 12089 | D:7      | Reached skill level 5 in Poison Magic
 12092 | D:7      | Learned a level 2 spell: Passwall
 12308 | D:7      | Reached skill level 1 in Transmutations
 12308 | D:7      | Reached skill level 1 in Earth Magic
 12311 | D:7      | Noticed a cyclops
 12331 | D:7      | Killed a cyclops
 12923 | D:8      | Killed a two-headed ogre
 13075 | D:8      | Noticed Harold
 13085 | D:8      | Killed Harold
 13086 | D:8      | Reached skill level 1 in Necromancy
 13086 | D:8      | Reached XP level 11. HP: 62/86 MP: 14/20
 13213 | D:8      | Noticed an angel
 13286 | D:9      | Noticed a two-headed ogre
 13296 | D:9      | Killed a two-headed ogre
 13501 | D:9      | Found a runed translucent gate.
 13501 | D:9      | Found a runed translucent gate.
 13501 | D:9      | Found a runed translucent gate.
 13611 | D:9      | Reached skill level 9 in Long Blades
 13885 | D:9      | Noticed gowby's ghost (novice BaIE)
 13906 | D:10     | Noticed a two-headed ogre
 13908 | D:10     | Noticed Fannar
 13913 | D:10     | Killed a two-headed ogre
 13915 | D:10     | Found a staircase to the Orcish Mines.
 13937 | D:9      | Killed Fannar
 13974 | D:10     | Learned a level 2 spell: Wereblood
 14043 | D:10     | Found Woemn's Antique Weapon Shoppe.
 14055 | D:10     | Reached skill level 10 in Long Blades
 14060 | D:10     | Bought a runed long sword for 162 gold pieces
 14131 | D:10     | Noticed a two-headed ogre
 14138 | D:10     | Killed a two-headed ogre
 14459 | D:11     | Found a staircase to the Lair.
 14459 | D:11     | Noticed a two-headed ogre
 14485 | D:11     | Killed a two-headed ogre
 14486 | D:11     | Reached skill level 11 in Long Blades
 14588 | D:11     | Noticed Snorg
 14619 | D:11     | Mangled by Snorg

Illustrated notes

Levels and vault maps discovered:
D:1:      matt_arrival_grand_opening, layout_basic
D:2:      layout_loops_ring, uniq_natasha
D:3:      lemuel_castle_with_subvaults [lemuel_castle_interior_carwin_2],
          layout_loops_ring, mainiacjoe_overflow_tiny_flanked,
          basic_ecumenical_altar, hangedman_feature_mirror
D:4:      layout_layer_cave, mainiacjoe_overflow_catwalk,
          nicolae_ossuary_entry_catacombs, minmay_misc_feat_more_columns
D:5:      layout_loops_ring, okawaru_gym_becter, nemelex_spade_bored_becter,
          minmay_hollow_rounded_squares, uniq_blork_the_orc
D:6:      layout_gridville, minmay_temple_entry_enclosed_plants
D:7:      minmay_the_grid_four_pointed_star
          [minmay_the_grid_triangle_9x9_semitri,
          minmay_the_grid_triangle_9x9_longest,
          minmay_the_grid_triangle_9x9_limited_checkers,
          minmay_the_grid_triangle_9x9_checkered,
          minmay_the_grid_prize_big_room], layout_loops_ring
D:8:      layout_cave_pools, grunt_gozag_statues, zin_angel, uniq_harold
D:9:      layout_long_grid, vehumet_crystals, nicolae_qazlal_general_emergency,
          ebering_ghost_rock_garden
D:10:     layout_big_octagon, david_orc_2, serial_shops, shop, enter_bailey_3,
          uniq_fannar
D:11:     layout_irregular_city, due_lair_maze_entry_diamond,
          gammafunk_ghost_mausoleum, uniq_snorg, uniq_urug

Skill      XL: |  1  2  3  4  5  6  7  8  9 10 11 |
---------------+----------------------------------+-----
Long Blades    | 2 3 4 5 6 7 8 11 | 11.3
Armour         | 2 4 5 |  5.0
Fighting       | 3 5 |  5.0
Dodging        | 3 4 5 |  5.0
Spellcasting   | 3 4 |  4.0
Conjurations   | 3 5 |  5.0
Air Magic      | 3 5 |  5.0
Poison Magic   | 3 5 |  5.0
Translocations | 3 |  3.7
Transmutations | 3 |  3.3
Earth Magic    | 3 |  3.3
Necromancy     | 1 2 |  2.4
Throwing       | |  0.8

Action                   |  1- 3 |  4- 6 |  7- 9 | 10-12 || total
-------------------------+-------+-------+-------+-------++-------
Melee: Falchion          |   148 |   296 |   768 |    73 ||  1285
       Double sword      |       |       |       |   262 ||   262
Throw: Boomerang         |     1 |       |    61 |    14 ||    76
       Stone             |     6 |    36 |    66 |       ||   108
       Throwing net      |       |       |     3 |     2 ||     5
 Cast: Mephitic Cloud    |       |       |       |    12 ||    12
       Animate Skeleton  |       |       |       |     1 ||     1
Evoke: Wand              |       |       |    10 |    12 ||    22
  Use: Potion            |     1 |     2 |     8 |     1 ||    12
       Scroll            |       |     7 |     6 |     4 ||    17
 Stab: Invisible         |       |     1 |     2 |       ||     3
       Confused          |       |       |       |     8 ||     8
       Distracted        |       |       |       |     2 ||     2
       Held in net/web   |       |       |       |     1 ||     1
Armor: Leather armour    |     2 |       |       |       ||     2
       Ring mail         |    50 |   130 |       |       ||   180
       Scale mail        |       |    30 |   355 |    98 ||   483
       Skin              |       |       |    17 |       ||    17
Dodge: Dodged            |    73 |   153 |   370 |   267 ||   863
Block: Kite shield       |    39 |    61 |       |       ||   100

Table legend: (Time is in decaauts)
 A = Elapsed time spent in this place.
 B = Non-inter-level travel time spent in this place.
 C = Inter-level travel time spent in this place.
 D = Time resting spent in this place.
 E = Time spent auto-exploring this place.
 F = Levels seen in this place.
 G = Mean time per level.
                   A        B        C        D        E       F      G
               +--------+--------+--------+--------+--------+-----+--------+
         Total |  14631 |  14035 |    596 |   2984 |   7247 |  12 | 1219.2 |
       Dungeon |  14267 |  13671 |    596 |   2879 |   7247 |  11 | 1297.0 |
        Bailey |    364 |    364 |      0 |    105 |      0 |   1 |  364.0 |
               +--------+--------+--------+--------+--------+-----+--------+

Top non-repeatable levels by time:
     D:2: 2149 daAuts
     D:5: 2145 daAuts
     D:6: 1768 daAuts
     D:3: 1693 daAuts
     D:1: 1491 daAuts
     D:4: 1474 daAuts
     D:7: 1307 daAuts
     D:9: 731 daAuts
    D:10: 665 daAuts
     D:8: 617 daAuts
  Bailey: 364 daAuts
    D:11: 224 daAuts
